 Dungeon Crawl Stone Soup version 0.26-a0-646-g5d77183 (webtiles) character file.

Game seed: 6339401528931567485

245 robertstho the Caller (level 5, -2/28 HPs)
             Began as a Deep Elf Summoner on Sept 23, 2020.
             Slain by a gnoll
             ... wielding a +0 spear
              (6 damage)
             ... on level 4 of the Dungeon.
             The game lasted 00:07:17 (4980 turns).

robertstho the Caller (Deep Elf Summoner)           Turns: 4980, Time: 00:07:17

Health: -2/28      AC:  4    Str:  5    XL:     5   Next: 83%
Magic:  3/14       EV: 13    Int: 21    God:
Gold:   257        SH:  0    Dex: 15    Spells: 1/14 levels left

rFire    . . .     SeeInvis .   w - +0 dagger (venom)
rCold    . . .     Faith    .   (no shield)
rNeg     . . .     Spirit   .   a - +0 robe
rPois    .         Reflect  .   x - +1 helmet
rElec    .         Harm     .   (no cloak)
rCorr    .         Rampage  .   (no gloves)
MR       .....                  (no boots)
Stlth    ++........             (no amulet)
HPRegen  0.09/turn              (no ring)
MPRegen  0.14/turn              (no ring)

@: no status effects
A: no striking features
a: no special abilities


You were on level 4 of the Dungeon.
You visited 1 branch of the dungeon, and saw 4 of its levels.

You collected 257 gold pieces.

Inventory:

Hand Weapons
 d - a +0 dagger
 n - a +4 flail
 w - a +0 dagger of venom (weapon)
Missiles
 v - 28 poisoned darts (quivered)
Armour
 a - a +0 robe (worn)
 x - a +1 helmet (worn)
Jewellery
 e - a +4 ring of evasion {unknown}
 i - an uncursed ring of see invisible {unknown}
 u - an uncursed amulet of magic regeneration {unknown}
 y - an uncursed ring of protection from magic {unknown}
Wands
 p - a wand of polymorph (8)
Scrolls
 c - 3 scrolls of identify {unknown}
 f - a scroll of fog {unknown}
 h - a scroll of magic mapping {unknown}
 j - 4 scrolls of remove curse {unknown}
 l - 2 scrolls of immolation {unknown}
 m - a scroll of enchant weapon {unknown}
 o - a scroll of fear {unknown}
 q - a scroll of blinking {unknown}
 r - a scroll of enchant armour {unknown}
 s - a scroll of teleportation {unknown}
Potions
 b - 2 potions of curing {unknown}
 g - a potion of stabbing
 k - a potion of haste
 t - 2 potions of brilliance
 z - 2 potions of ambrosia {unknown}


   Skills:
 + Level 0.9 Fighting
 + Level 0.5 Maces & Flails
 + Level 2.6 Dodging
 + Level 2.6 Stealth
 * Level 5.4 Spellcasting
 * Level 6.3 Summonings


You had one spell level left.
You knew the following spells:

 Your Spells              Type           Power        Failure   Level
a - Summon Small Mammal   Summ           ####         1%          1
b - Call Imp              Summ           ####....     1%          2
c - Call Canine Familiar  Summ           ####....     2%          3
d - Summon Guardian Gole  Hex/Summ       ###.....     9%          3
e - Summon Ice Beast      Ice/Summ       ###.....     28%         4

Your spell library contained the following spells:

 Spells                   Type           Power        Failure   Level
 Magic Dart               Conj           #...         11%         1
 Blink                    Tloc           N/A          16%         2
 Slow                     Hex            #.......     16%         2
 Summon Lightning Spire   Summ/Air       ###.....     28%         4
 Conjure Flame            Conj/Fire      #.......     30%         3
 Mephitic Cloud           Conj/Pois/Air  #.......     30%         3


Dungeon Overview and Level Annotations

Branches:
Dungeon (4/15)
 Temple: D:4-7

Altars:
Elyvilon


Message History

Orders for allies: a - Attack new target. p - Attack previous target. r - Retreat! s - Stop attacking. g - Guard the area. f - Follow me.
Anything else - Cancel.
Gang up on whom?
Press: ? - help, Dir - move target cursor, f/p - gnoll
Aim: a gnoll, wielding a +0 spear (moderately wounded, fast) Attack!
Your crimson imp blinks!
Unknown command.
Your crimson imp blinks!
Your crimson imp hits the gnoll.
The gnoll misses you. The gnoll misses you.
You see here a leather armour.
The gnoll hits you from afar with a +0 spear.
* * * LOW HITPOINT WARNING * * *
Your crimson imp closely misses the gnoll.
Your crimson imp blinks!
The gnoll hits you from afar with a +0 spear.
You die...

##.... ##..... ### ###......
##..###........ #............##
### ####..........#. #... ######
###.#.#.....#...... .....
##..#.###.<.........#..##.. #...
#......##.@..###......###..
###.###.........[..####....###...
#............5g.....###......#...
#....................##.........#
..................##..#.........#
#............###..###.#.##.......
#.....(...g§..##.##...####....#.#
..........5.........#......#)##.
....................##...5.......


You could see a gnoll shaman, a gnoll (fast), a friendly crimson imp (summoned)
and a friendly white imp (summoned).

Vanquished Creatures
  A hound (D:2)
  An iguana (D:4)
  A leopard gecko (D:3)
  2 orcs (D:3)
  6 bats
  2 giant cockroaches
  4 goblins
  3 hobgoblins
  A kobold (D:2)
  A frilled lizard (D:2)
  3 rats (D:3)
25 creatures vanquished.

Vanquished Creatures (collateral kills)
  Edmund (D:4)
  A worker ant (D:4)
  Robin (D:4)
  3 gnolls (D:4)
  6 adders
  An ooze (D:2)
  2 worms (D:3)
  2 dart slugs (D:2)
  3 leopard geckos (D:2)
  4 orcs
  13 goblins
  9 hobgoblins
  6 kobolds
  A quokka (D:4)
  5 bats
  A frilled lizard (D:1)
  7 rats
66 creatures vanquished.

Grand Total: 91 creatures vanquished

Notes
Turn   | Place    | Note
-------+----------+-------------------------------------------
     0 | D:1      | robertstho the Deep Elf Summoner began the quest for the
                  | Orb.
     0 | D:1      | Reached XP level 1. HP: 10/10 MP: 6/6
   622 | D:1      | Reached XP level 2. HP: 15/15 MP: 5/8
   626 | D:1      | Learned a level 2 spell: Call Imp
  1170 | D:1      | Reached skill level 5 in Summonings
  1895 | D:2      | Reached XP level 3. HP: 19/19 MP: 5/10
  2365 | D:2      | Reached XP level 4. HP: 15/24 MP: 12/12
  3989 | D:4      | Reached XP level 5. HP: 23/28 MP: 8/14
  4048 | D:4      | Noticed Edmund
  4071 | D:3      | Learned a level 3 spell: Call Canine Familiar
  4075 | D:3      | Learned a level 3 spell: Summon Guardian Golem
  4080 | D:3      | Learned a level 4 spell: Summon Ice Beast
  4145 | D:4      | Reached skill level 6 in Summonings
  4481 | D:4      | Found a white marble altar of Elyvilon.
  4523 | D:4      | Noticed Robin
  4532 | D:4      | Killed Robin
  4666 | D:4      | Reached skill level 5 in Spellcasting
  4751 | D:4      | Killed Edmund
  4980 | D:4      | Slain by a gnoll

Illustrated notes

Levels and vault maps discovered:
D:1:      evilmike_arrival_plus, layout_basic
D:2:      minmay_chambers_of_twos, layout_basic
D:3:      layout_basic
D:4:      layout_cave_pools, elyvilon_altar_5, uniq_edmund, uniq_robin

Skill      XL: |  1  2  3  4  5 |
---------------+----------------+-----
Summonings     | 5 6 |  6.3
Spellcasting   | 4 5 |  5.4
Fighting       | |  0.9
Maces & Flails | |  0.5
Dodging        | |  2.6
Stealth        | |  2.6

Action                   |  1- 3 |  4- 6 || total
-------------------------+-------+-------++-------
Melee: Unarmed           |    11 |       ||    11
       Dagger            |    23 |       ||    23
       Flail             |    14 |    43 ||    57
 Cast: Summon Small Mamm |    45 |    10 ||    55
       Call Imp          |    14 |    44 ||    58
       Call Canine Famil |       |     4 ||     4
  Use: Potion            |       |     5 ||     5
 Stab: Sleeping          |     3 |     1 ||     4
       Distracted        |       |     1 ||     1
Armor: Robe              |    14 |     7 ||    21
Dodge: Dodged            |    67 |    50 ||   117

Table legend: (Time is in decaauts)
 A = Elapsed time spent in this place.
 B = Non-inter-level travel time spent in this place.
 C = Inter-level travel time spent in this place.
 D = Time resting spent in this place.
 E = Time spent auto-exploring this place.
 F = Levels seen in this place.
 G = Mean time per level.
                   A        B        C        D        E       F      G
               +--------+--------+--------+--------+--------+-----+--------+
         Total |   4996 |   4865 |    131 |    266 |   3792 |   4 | 1249.0 |
       Dungeon |   4996 |   4865 |    131 |    266 |   3792 |   4 | 1249.0 |
               +--------+--------+--------+--------+--------+-----+--------+

Top non-repeatable levels by time:
     D:1: 1640 daAuts
     D:2: 1568 daAuts
     D:3: 1140 daAuts
     D:4: 647 daAuts
